 Dungeon Crawl Stone Soup version 0.27.1 (webtiles) character file.

Game seed: 10697681032038684604

56 Kala the Sneak (level 4, -1/24 HPs)
             Began as a Kobold Enchanter on Sept 2, 2021.
             Slain by a scorpion (7 damage)
             ... on level 4 of the Dungeon.
             The game lasted 00:05:28 (1188 turns).

Kala the Sneak (Kobold Enchanter)                   Turns: 1188, Time: 00:05:28

Health: -1/24      AC:  2    Str:  6    XL:     4   Next: 15%
Magic:  6/7        EV: 15    Int: 16    God:
Gold:   58         SH:  0    Dex: 15    Spells: 4/7 levels left

rFire    . . .     SeeInvis .   a - +1 dagger
rCold    . . .     Faith    .   (shield restricted)
rNeg     . . .     Spirit   .   b - +0 robe
rPois    .         Reflect  .   (no helmet)
rElec    .         Harm     .   (no cloak)
rCorr    .         Rampage  .   (no gloves)
Will     .....                  (no boots)
Stlth    ++++......             (no amulet)
HPRegen  0.08/turn              (no ring)
MPRegen  0.10/turn              (no ring)

@: lethally poisoned (-1 -> -12)
A: small, no large weapons, nightstalker 3
a: no special abilities


You were on level 4 of the Dungeon.
You visited 1 branch of the dungeon, and saw 3 of its levels.

You collected 58 gold pieces.

Inventory:

Hand Weapons
 a - a +1 dagger (weapon)
Armour
 b - a +0 robe (worn)
Scrolls
 g - a scroll of teleportation {unknown}
Potions
 c - 2 potions of heal wounds {unknown}
 d - a potion of resistance {unknown}
 e - 2 potions of mutation {unknown}
 f - 2 potions of might {unknown}


   Skills:
 + Level 2.1 Short Blades
 + Level 2.6 Dodging
 * Level 5.5 Stealth
 + Level 2.4 Spellcasting
 + Level 3.3 Hexes


You had 4 spell levels left.
You knew the following spells:

 Your Spells              Type           Power      Damage    Failure   Level
a - Corona                Hex            13%        N/A       4%          1
b - Ensorcelled Hibernat  Hex/Ice        14%        N/A       16%         2

Your spell library contained the following spells:

 Spells                   Type           Power      Damage    Failure   Level
 Confusing Touch          Hex            12%        N/A       16%         3
 Tukima's Dance           Hex            12%        N/A       16%         3
 Corpse Rot               Necr/Air       N/A        N/A       30%         2
 Dazzling Flash           Conj/Hex       14%        N/A       30%         3
 Stone Arrow              Conj/Erth      2%         3d7       52%         3
 Dispel Undead            Necr           1%         3d6       89%         4
 Bolt of Magma            Conj/Fire/Erth 0%         4d4       99%         5
 Death Channel            Necr           0%         N/A       100%        6
 Shatter                  Erth           0%         3d5*      100%        9


Dungeon Overview and Level Annotations

Branches:
Dungeon (2/15)

Altars:


Innate Abilities, Weirdness & Mutations

You are small and have problems with some larger weapons.
You are completely attuned to the shadows.


Message History

You feel sick. The scorpion closely misses you. x2
You hit the scorpion but do no damage.
The scorpion is severely wounded.
You feel sick. The scorpion stings you.
You are lethally poisoned!
The scorpion poisons you!
You are too injured to fight recklessly!
You are too injured to fight recklessly!
You are too injured to fight recklessly!
You are too injured to fight recklessly!
You are too injured to fight recklessly!
You are too injured to fight recklessly!
You are too injured to fight recklessly!
You are too injured to fight recklessly!
You are too injured to fight recklessly!
You are too injured to fight recklessly!
Casting: Corona (safe; 4% risk of failure)
Confirm with . or Enter, or press ? or * to list all spells.
Aiming: Corona (safe; 4% risk of failure)
Press: ? - help, Shift-Dir - straight line, f - scorpion
Aim: a scorpion (severely wounded, chance to affect: 49%)
The scorpion is outlined in light.
You feel very sick. The scorpion barely misses you.
You are too injured to fight recklessly!
You are too injured to fight recklessly!
You are too injured to fight recklessly!
You are too injured to fight recklessly!
You are too injured to fight recklessly!
You are too injured to fight recklessly!
You are too injured to fight recklessly!
You are too injured to fight recklessly!
You are too injured to fight recklessly!
You are too injured to fight recklessly!
You are too injured to fight recklessly!
You hit the scorpion but do no damage.
The scorpion is severely wounded.
* * * LOW HITPOINT WARNING * * *
You feel sick. The scorpion stings you!
You die...

(.. ...
#.# #
#.# .#
#.##.##
#s#...#
#.@....
#......
#..#.##
#......
#..#.#.
#..#.#


You could see a scorpion (corona).

Vanquished Creatures
  2 adders (D:2)
  2 dart slugs (D:1)
  5 bats (D:1)
  4 endoplasms
  4 giant cockroaches (D:1)
  3 goblins
  5 ball pythons (D:1)
  A frilled lizard (D:2)
  2 kobolds (D:2)
  3 rats
31 creatures vanquished.

Notes
Turn   | Place    | Note
-------+----------+-------------------------------------------
     0 | D:1      | Kala the Kobold Enchanter began the quest for the Orb.
     0 | D:1      | Reached XP level 1. HP: 10/10 MP: 3/3
    80 | D:1      | Reached XP level 2. HP: 15/15 MP: 5/5
   389 | D:1      | Learned a level 2 spell: Ensorcelled Hibernation
   584 | D:1      | Reached XP level 3. HP: 17/19 MP: 6/6
   682 | D:1      | Reached skill level 5 in Stealth
   996 | D:2      | Reached XP level 4. HP: 24/24 MP: 7/7
  1097 | D:2      | You fall into a shaft and drop 2 floors!
  1179 | D:4      | Noticed a scorpion
  1188 | D:4      | Slain by a scorpion

Illustrated notes

Levels and vault maps discovered:
D:1:      lemuel_arrival_funnel, layout_basic
D:2:      layout_loops_ring
D:4:      layout_loops_ring, kennysheep_dice

Skill      XL: |  1  2  3 |
---------------+----------+-----
Stealth        | 5 |  5.5
Short Blades   | 2 |  2.1
Dodging        | |  2.6
Spellcasting   | |  2.4
Hexes          | |  3.3

Action                   |  1- 3 |  4- 6 || total
-------------------------+-------+-------++-------
Melee: Dagger            |    50 |    13 ||    63
 Cast: Corona            |     5 |     4 ||     9
 Stab: Sleeping          |    19 |       ||    19
       Distracted        |       |     1 ||     1
Armor: Robe              |     9 |     2 ||    11
Dodge: Dodged            |    38 |     6 ||    44
